 Dungeon Crawl Stone Soup version 0.30.0-19-g36f170ea60 (webtiles) character file.

Game seed: 3438832924700893295

3031 croobank the Covert (level 9, -2/74 HPs)
             Began as a Gnoll Delver on May 27, 2023.
             Killed by an exploding orc warrior (23 damage)
             ... ignited by their inner flame
             ... in a bailey.
             The game lasted 00:32:47 (6410 turns).

croobank the Covert (Gnoll Delver)                  Turns: 6410, Time: 00:32:47

Health: -2/74      AC: 14    Str:  9    XL:     9   Next: 86%
Magic:  7/16       EV: 21    Int: 20    God:
Gold:   80         SH:  0    Dex: 20    Spells: 3/17 levels left

rFire   + . .        a - +5 dagger of Tartarus {freeze, rPois rC+}
rCold   + + .        (no shield)
rNeg    . . .        t - +1 robe "Ebbauff" {Str-4 Int+8}
rPois   +            m - +2 helmet
rElec   +            h - +2 cloak
rCorr   +            O - +0 pair of gloves
SInv    .            H - +2 pair of boots
Will    .....        k - amulet of magic regeneration
Stlth   +++++        N - +6 ring of dexterity
HPRegen 0.32/turn    L - +5 ring of evasion
MPRegen 0.55/turn

%: no passive effects
@: resistant
A: fangs 1, strong nose, distributed training
a: no special abilities


You were in a bailey.
You visited 1 branch of the dungeon, and saw 7 of its levels.
You also visited: Bailey.

You collected 345 gold pieces.
You spent 265 gold pieces at shops.

Inventory:

Hand Weapons
 a - the +5 dagger of Tartarus (weapon) {freeze, rPois rC+}
   (You found it on level 3 of the Dungeon)

   rC:        It protects you from cold.
   rPois:     It protects you from poison.
 e - a +0 broad axe
 n - a +2 short sword of draining
 o - a +2 antimagic short sword
 v - a +4 dagger of electrocution
 w - a +1 heavy long sword
 x - a +3 quarterstaff of chaos
 D - a +5 hand axe
 P - a +0 war axe
Armour
 b - a +0 leather armour
 h - a +2 cloak (worn)
 m - a +2 helmet (worn)
 t - the +1 robe "Ebbauff" (worn) {Str-4 Int+8}
   (You found it on level 2 of the Dungeon)

   Str:       It affects your strength (-4).
   Int:       It affects your intelligence (+8).
 H - a +2 pair of boots (worn)
 O - a +0 pair of gloves (worn)
Jewellery
 k - an amulet of magic regeneration (around neck)
 C - a ring of resist corrosion
 L - a +5 ring of evasion (right hand)
 N - a +6 ring of dexterity (left hand)
Wands
 g - a wand of digging (3)
 J - a wand of polymorph (1)
 M - a wand of flame (35)
Scrolls
 c - 2 scrolls of fog
 p - a scroll of noise
 r - a scroll of poison
 y - a scroll of blinking
 A - 3 scrolls of magic mapping
 F - 2 scrolls of immolation
 G - a scroll of teleportation
Potions
 d - 2 potions of lignification
 i - a potion of attraction
 q - 4 potions of curing
 s - 2 potions of cancellation
 z - a potion of flight {unknown}
 E - a potion of brilliance {unknown}
 I - a potion of ambrosia {unknown}
 K - 2 potions of magic {unknown}


   Skills:
 + Level 8.2 Fighting
 + Level 4.8 Short Blades
 + Level 4.8 Long Blades
 + Level 6.7 Axes
 + Level 4.8 Maces & Flails
 + Level 4.8 Polearms
 + Level 4.8 Staves
 + Level 4.8 Ranged Weapons
 + Level 4.8 Throwing
 + Level 4.8 Armour
 + Level 6.7 Dodging
 + Level 10.7 Stealth
 + Level 4.8 Shields
 + Level 4.8 Unarmed Combat
 + Level 4.8 Spellcasting
 + Level 4.0 Conjurations
 + Level 4.0 Hexes
 + Level 4.0 Summonings
 + Level 4.0 Necromancy
 + Level 4.0 Translocations
 + Level 4.0 Transmutations
 + Level 4.0 Fire Magic
 + Level 4.0 Ice Magic
 + Level 4.0 Air Magic
 + Level 4.0 Earth Magic
 + Level 4.0 Poison Magic
 + Level 5.3 Invocations
 + Level 4.8 Evocations


You had 3 spell levels left.
You knew the following spells:

 Your Spells              Type           Power      Damage    Failure   Level
a - Stone Arrow           Conj/Erth      40%        3d9       7%          3
b - Call Canine Familiar  Summ           20%        N/A       7%          3
c - Inner Flame           Hex/Fire       20%        N/A       7%          3
d - Apportation           Tloc           40%        N/A       2%          1
e - Flame Wave            Conj/Fire      20%        2d7       22%         4

Your spell library contained the following spells:

 Spells                   Type           Power      Damage    Failure   Level
 Necrotise                Necr           80%        1d8       2%          1
 Summon Small Mammal      Summ           80%        N/A       2%          1
 Portal Projectile        Hex/Tloc       40%        N/A       7%          3
 Animate Armour           Summ/Erth      40%        N/A       22%         4
 Leda's Liquefaction      Hex/Erth       10%        N/A       22%         4
 Sticky Flame             Conj/Fire      20%        2d4       22%         4
 Malign Gateway           Summ/Tloc      10%        N/A       100%        7
 Lehudib's Crystal Spear  Conj/Erth      10%        10d4      100%        8
 Summon Horrible Things   Summ           10%        N/A       100%        8


Dungeon Overview and Level Annotations

Branches:
Dungeon (7/15)             Temple (0/1) D:7          Bailey (1/1)

Altars:
Ashenzari
Dithmenos
Vehumet

Annotations:
D:5 !centaur + ogre
D:7 Maggie


Innate Abilities, Weirdness & Mutations

You have very sharp teeth.
Your uncanny sense of smell can sniff out nearby items.
Your experience applies equally to all skills.


Message History

Press: ? - help, Dir - move target, f/p - gnoll
Aim: a gnoll, wielding a +0 war axe and wearing a +0 leather armour (black smoke, lightly wounded, inner flame)
Okay, then.
There is an open gate here.
Casting: Inner Flame (dangerous; 7% risk of failure)
Confirm with . or Enter, or press ? or * to list all spells.
The hobgoblin attacks as you move away! The hobgoblin misses you.
The gnoll hits your hound with a +0 war axe!
The hobgoblin attacks as you move away! The hobgoblin closely misses you.
The hobgoblin closely misses your hound.
Your hound bites the hobgoblin but does no damage.
The gnoll hits your hound with a +0 war axe!
Your hound dies!
Your hound's corpse disappears in a puff of smoke!
Aiming: Polymorph
Press: ? - help, Shift-Dir - straight line, f/p - gnoll
Aim: a gnoll, wielding a +0 war axe and wearing a +0 leather armour (lightly wounded, inner flame, will become a dart slug, an orc, or a river rat, chance to affect: 69%)
Okay, then.
Casting: Call Canine Familiar (dangerous; 7% risk of failure)
Confirm with . or Enter, or press ? or * to list all spells.
Aiming: Inner Flame (dangerous; 7% risk of failure)
Press: ? - help, Dir - move target, f - orc warrior, p - gnoll
Aim: an orc warrior, wielding a +0 battleaxe and wearing a +0 chain mail (strong, chance to affect: 75%)
The orc warrior is filled with an inner flame.
The hobgoblin completely misses you.
You feel protected. The hobgoblin barely misses you.
You hit the hobgoblin.
Flame seeps out of the hobgoblin.
You freeze the hobgoblin.
Flame seeps out of the hobgoblin.
You bite the hobgoblin, but do no damage.
The hobgoblin is severely wounded.
The hobgoblin is engulfed in blazing flames.
The hobgoblin explodes!
The fiery explosion engulfs the gnoll!!
The fiery explosion engulfs the orc warrior!!
The fiery explosion engulfs you! You resist.
* * * LOW HITPOINT WARNING * * *
The orc warrior explodes!
The fiery explosion engulfs you!! You resist.
You die...

♣♣♣♣♣♣
♣♣♣..♣.♣♣♣
♣........♣♣
♣♣.........♣♣
♣.....∩.....♣
♣.....§@§§.♣♣
♣.....§○§§..♣
♣♣♣..)§§§..♣♣
♣..)oo...♣
♣##)''##♣♣
##.....##
#...)...#
##....)).##
#......)..#


You could see an orc warlord and an orc (strong).

Vanquished Creatures
  Grinder (D:3)
  A wyvern (D:7)
  7 orc warriors (Bailey)
  A sky beast (D:6)
  2 ogres (D:5)
  A black bear (D:4)
  2 centaurs
  2 kobold brigands
  A bullfrog (D:6)
  A scorpion (D:5)
  3 wights (D:7)
  A howler monkey (D:6)
  A jelly (D:5)
  Crazy Yiuf (D:2)
  2 gnoll boudas (D:5)
  Ijyb (D:3)
  Terence (D:3)
  Natasha (thrice) (D:2)
  An iguana (D:5)
  An orc wizard (D:5)
  Robin (D:3)
  13 gnolls
  11 adders
  4 white imps
  4 worms
  3 dart slugs
  16 orcs
  11 endoplasms
  A giant cockroach (D:4)
  16 goblins
  14 hobgoblins
  8 jackals
  9 quokkas
  4 ball pythons
  9 bats
  6 frilled lizards
  10 kobolds
  5 rats
179 creatures vanquished.

Vanquished Creatures (collateral kills)
  An orc knight (Bailey)
  A goblin (Bailey)
2 creatures vanquished.

Vanquished Creatures (others)
  A goblin (Bailey)
  A hobgoblin (Bailey)
2 creatures vanquished.

Grand Total: 183 creatures vanquished

Notes
Turn   | Place    | Note
-------+----------+-------------------------------------------
     0 | D:5      | Reached skill level 9 in Stealth
     0 | D:5      | croobank the Gnoll Delver began the quest for the Orb.
     0 | D:5      | Reached XP level 1. HP: 23/23 MP: 1/1
     8 | D:5      | Noticed an ogre
     8 | D:5      | Noticed a centaur
    11 | D:5      | Noticed an ogre
    71 | D:3      | Reached XP level 2. HP: 29/29 MP: 2/2
    76 | D:3      | Noticed Terence
   110 | D:3      | Noticed Ijyb
   148 | D:3      | Noticed Grinder
   590 | D:3      | Noticed Robin
   597 | D:3      | Reached XP level 3. HP: 28/35 MP: 3/3
   604 | D:3      | Reached skill level 1 in Invocations
   608 | D:3      | Killed Robin
   609 | D:3      | Reached skill level 1 in Short Blades
   609 | D:3      | Reached skill level 1 in Long Blades
   609 | D:3      | Reached skill level 1 in Maces & Flails
   609 | D:3      | Reached skill level 1 in Polearms
   609 | D:3      | Reached skill level 1 in Staves
   609 | D:3      | Reached skill level 1 in Ranged Weapons
   609 | D:3      | Reached skill level 1 in Throwing
   609 | D:3      | Reached skill level 1 in Armour
   609 | D:3      | Reached skill level 1 in Shields
   609 | D:3      | Reached skill level 1 in Unarmed Combat
   609 | D:3      | Reached skill level 1 in Spellcasting
   609 | D:3      | Reached skill level 1 in Evocations
   755 | D:3      | Reached XP level 4. HP: 33/41 MP: 5/5
   815 | D:3      | Identified the +5 dagger of Tartarus {freeze, rPois rC+}
   818 | D:3      | Found a faded altar of an unknown god.
   944 | D:2      | Reached skill level 1 in Conjurations
   944 | D:2      | Reached skill level 1 in Hexes
   944 | D:2      | Reached skill level 1 in Summonings
   944 | D:2      | Reached skill level 1 in Necromancy
   944 | D:2      | Reached skill level 1 in Translocations
   944 | D:2      | Reached skill level 1 in Transmutations
   944 | D:2      | Reached skill level 1 in Fire Magic
   944 | D:2      | Reached skill level 1 in Ice Magic
   944 | D:2      | Reached skill level 1 in Air Magic
   944 | D:2      | Reached skill level 1 in Earth Magic
   944 | D:2      | Reached skill level 1 in Poison Magic
   974 | D:2      | Noticed Natasha
   990 | D:2      | Killed Natasha
  1018 | D:2      | Noticed Natasha
  1022 | D:2      | Reached XP level 5. HP: 46/47 MP: 7/7
  1031 | D:2      | Killed Natasha
  1121 | D:2      | Noticed Natasha
  1132 | D:2      | Killed Natasha
  1376 | D:2      | Identified the +1 robe "Ebbauff" {Str-4 Int+8}
  1484 | D:2      | Found a runed translucent door.
  1485 | D:2      | Noticed Crazy Yiuf
  1492 | D:2      | Killed Crazy Yiuf
  1815 | D:1      | Reached XP level 6. HP: 50/53 MP: 8/8
  2377 | D:3      | Killed Terence
  2378 | D:3      | Reached skill level 5 in Axes
  2378 | D:3      | Reached skill level 5 in Dodging
  2442 | D:3      | Killed Ijyb
  2910 | D:3      | Killed Grinder
  2911 | D:3      | Reached XP level 7. HP: 60/60 MP: 10/10
  3145 | D:4      | Found a broken altar of Ashenzari.
  4057 | D:4      | Reached skill level 10 in Stealth
  4206 | D:5      | Reached XP level 8. HP: 26/67 MP: 12/12
  4626 | D:5      | Found a radiant altar of Vehumet.
  4757 | D:5      | Found Viotz's Magic Scroll Boutique.
  4760 | D:5      | Bought a scroll of blinking for 75 gold pieces
  4760 | D:5      | Bought a scroll of identify for 20 gold pieces
  4760 | D:5      | Bought a scroll of immolation for 40 gold pieces
  4760 | D:5      | Bought a scroll of fog for 40 gold pieces
  4760 | D:5      | Bought a scroll of identify for 20 gold pieces
  4760 | D:5      | Bought a scroll of teleportation for 30 gold pieces
  4760 | D:5      | Bought a scroll of immolation for 40 gold pieces
  5046 | D:6      | Learned a level 3 spell: Stone Arrow
  5050 | D:6      | Learned a level 3 spell: Call Canine Familiar
  5243 | D:6      | Found a shadowy altar of Dithmenos.
  5795 | D:7      | Reached XP level 9. HP: 73/73 MP: 14/14
  5874 | D:7      | Noticed Maggie
  5918 | D:7      | Found a flagged portal.
  5931 | Bailey   | Entered a bailey
  5936 | Bailey   | Learned a level 3 spell: Inner Flame
  5938 | Bailey   | Learned a level 1 spell: Apportation
  5943 | Bailey   | Learned a level 4 spell: Flame Wave
  6133 | Bailey   | Noticed an orc knight
  6240 | Bailey   | Killed an orc knight
  6241 | Bailey   | Reached skill level 5 in Invocations
  6387 | Bailey   | Noticed an orc warlord
  6410 | Bailey   | Killed by an exploding orc warrior... ignited by their
                  | inner flame

Illustrated notes

Levels and vault maps discovered:
D:1:      heliophobic_arrival_ceremonial_halls, layout_basic
D:2:      layout_loops_ring, minmay_tromino_v4_b, uniq_crazy_yiuf_cottage,
          uniq_natasha
D:3:      layout_basic, serial_glass, glass_columns_a, glass_columns_c,
          basic_ecumenical_altar, grunt_ministairs_11,
          chequers_serial_rivers_small_b, uniq_grinder, uniq_ijyb, uniq_robin,
          uniq_terence
D:4:      layout_loops_ring, overflow_temple_1_default, hangedman_feature_mirror
D:5:      layout_cave_pools, fiery_altar_vehumet, serial_shops,
          nicolae_shop_rolled_up, minmay_strange_pillars, st_stairs_14
D:6:      layout_basic, nicolae_dithmenos_shadow_blocks,
          cheibrodos_sewer_entry_bend
D:7:      nicolae_cairo_tiling_large, layout_basic, minmay_temple_entry_fiery,
          enter_bailey_1, uniq_maggie
Bailey:   bailey_axe_minmay_hex_keep, bailey

Skill      XL: |  1  2  3  4  5  6  7  8  9 |
---------------+----------------------------+-----
Stealth        | 10 | 10.7
Invocations    | 1 2 3 4 5 |  5.3
Short Blades   | 1 2 3 4 |  4.8
Long Blades    | 1 2 3 4 |  4.8
Maces & Flails | 1 2 3 4 |  4.8
Polearms       | 1 2 3 4 |  4.8
Staves         | 1 2 3 4 |  4.8
Ranged Weapons | 1 2 3 4 |  4.8
Throwing       | 1 2 3 4 |  4.8
Armour         | 1 2 3 4 |  4.8
Shields        | 1 2 3 4 |  4.8
Unarmed Combat | 1 2 3 4 |  4.8
Spellcasting   | 1 2 3 4 |  4.8
Evocations     | 1 2 3 4 |  4.8
Conjurations   | 1 2 3 4 |  4.0
Hexes          | 1 2 3 4 |  4.0
Summonings     | 1 2 3 4 |  4.0
Necromancy     | 1 2 3 4 |  4.0
Translocations | 1 2 3 4 |  4.0
Transmutations | 1 2 3 4 |  4.0
Fire Magic     | 1 2 3 4 |  4.0
Ice Magic      | 1 2 3 4 |  4.0
Air Magic      | 1 2 3 4 |  4.0
Earth Magic    | 1 2 3 4 |  4.0
Poison Magic   | 1 2 3 4 |  4.0
Axes           | 5 6 |  6.7
Dodging        | 5 6 |  6.7
Fighting       | 7 8 |  8.2

Action                     |  1- 3 |  4- 6 |  7- 9 || total
---------------------------+-------+-------+-------++-------
  Melee: Hand axe          |    64 |     7 |       ||    71
         Bite              |     6 |     7 |    38 ||    51
         Dagger            |       |   121 |   284 ||   405
         Punch             |       |     2 |     7 ||     9
         Unarmed           |       |    30 |       ||    30
   Cast: Call Canine Famil |       |       |    10 ||    10
         Inner Flame       |       |       |    13 ||    13
         Stone Arrow       |       |       |     2 ||     2
  Evoke: Wand              |       |       |     6 ||     6
    Use: Scroll            |     1 |     1 |    17 ||    19
         Potion            |       |       |     2 ||     2
   Stab: Sleeping          |     6 |    20 |    17 ||    43
         Distracted        |       |     1 |       ||     1
 Armour: Leather armour    |    21 |    29 |    71 ||   121
         Robe              |       |       |     5 ||     5
  Dodge: Dodged            |    58 |    55 |   261 ||   374
